 Dungeon Crawl Stone Soup version 0.19.3-4-gbf9329e (webtiles) character file.

67 Lennu the Skirmisher (level 3, -4/27 HPs)
             Began as a Demonspawn Chaos Knight on Jan 30, 2017.
             Slain by Sigmund
             ... wielding a +0 scythe
              (14 damage)
             ... on level 2 of the Dungeon.
             The game lasted 00:07:43 (1944 turns).

Lennu the Skirmisher (Demonspawn Chaos Knight)      Turns: 1944, Time: 00:07:43

Health: -4/27      AC:  7    Str: 12    XL:     3   Next: 98%
Magic:  3/3        EV: 11    Int: 13    God:    Xom [....*.]
Gold:   97         SH:  0    Dex: 13    Spells: 0 memorised, 2 levels left

rFire  . . .     SeeInvis +     a - +0 falchion (chaos)
rCold  . . .     Gourm    +     b - +2 leather armour
rNeg   . . .     Faith    .     (no shield)
rPois  .         Spirit   .     (no helmet)
rElec  .         Reflect  .     l - +0 cloak
rCorr  .         Harm     .     s - +0 pair of gloves
MR     .....     Clarity  +     (no boots)
Stlth  ++........               r - amulet of the gourmand
                                (no ring)
                                j - ring of wizardry

@: no status effects
A: hooves 1, see invisible, clarity, frail 1, nightstalker 1
a: Renounce Religion


You were on level 2 of the Dungeon.
You worshipped Xom.
You were a beloved toy of Xom.
You were not hungry.

You visited 1 branch of the dungeon, and saw 2 of its levels.

You collected 97 gold pieces.

Inventory:

Hand Weapons
 a - a +0 falchion of chaos (weapon)
 o - a +0 dagger
Armour
 b - a +2 leather armour (worn)
 l - a +0 cloak (worn)
 s - a +0 pair of gloves (worn)
Jewellery
 j - a ring of wizardry (left hand)
 r - an amulet of the gourmand (around neck)
Scrolls
 e - 2 scrolls of random uselessness {unknown}
 f - 2 scrolls of remove curse {unknown}
 g - a scroll of blinking {unknown}
 h - a scroll of immolation {unknown}
 n - a scroll of recharging {unknown}
 p - a scroll of teleportation
Potions
 d - a potion of degeneration {unknown}
 i - a potion of mutation {unknown}
 k - a potion of curing
 m - a potion of magic {unknown}
Comestibles
 c - a bread ration
 q - a chunk of flesh


   Skills:
 * Level 3.7 Fighting
 + Level 3.4 Long Blades
 * Level 2.1 Armour
 * Level 1.0 Dodging
 + Level 1.0 Stealth


You had 2 spell levels left.
You didn't know any spells.

Dungeon Overview and Level Annotations

Branches:
Dungeon (2/15)

Altars:
Hepliaklqana
Qazlal
Trog

Annotations:
D:2 Sigmund


Innate Abilities, Weirdness & Mutations

You have large cloven feet.
You are slightly more attuned to the shadows.
You have supernaturally acute eyesight. (SInv)
You possess an exceptional clarity of mind.
You are frail. (-10% HP)


Message History

Xom is mildly amused.
Your kick misses Sigmund.
Sigmund is heavily wounded.
Sigmund hits you with a scythe!
A shower of butterflies erupts from you!
You barely miss Sigmund.
Sigmund is heavily wounded.
Sigmund hits you but does no damage.
You hit Sigmund.
Sigmund's magic leaks into the air.
Your kick misses Sigmund.
Sigmund is severely wounded. "Forecast: mostly cloudy."
Sigmund misses you.
You riposte.
You barely miss Sigmund. You kick Sigmund, but do no damage.
Sigmund is severely wounded.
You closely miss Sigmund. You kick Sigmund, but do no damage.
Sigmund is severely wounded.
Sigmund hits you with a scythe!
Ouch! That really hurt!
You die...
Xom thinks this is hilarious!

#. #.....# #.#.#..##.# #. #.....#
#.#.#..##.###
##.###.....##########.#.#..##....
....+.....'............#..######
###.##.....##########.###..#
...........'...............#
###.##.....##########.###.#####
##............§bbb§...........#
.....####..#####@####.###.#####
.....# ......§b@b.##.# #.# ....(#
##..#####.#§##.# #.# ##..)# #..#
#.#.##.# #.# .....# ..# ##.# #.#
##.#.# ### #.###.# #...# #.....#
##### #######


You could see Sigmund (berserk).

Vanquished Creatures
  An adder (D:2)
  An ooze (D:2)
  2 dart slugs (D:1)
  4 leopard geckos
  4 giant cockroaches
  3 hobgoblins
  4 jackals (D:2)
  5 kobolds
  6 bats
  3 frilled lizards
  5 goblins
  4 rats (D:1)
42 creatures vanquished.

Notes
Turn   | Place    | Note
-------+----------+-------------------------------------------
     0 | D:1      | Lennu the Demonspawn Chaos Knight began the quest for the Orb.
     0 | D:1      | Reached XP level 1. HP: 18/18 MP: 1/1
   233 | D:1      | Gained mutation: You are slightly more attuned to the shadows. [demonic ancestry]
   233 | D:1      | Reached XP level 2. HP: 24/24 MP: 2/2
   250 | D:1      | You fall through a shaft!
   325 | D:2      | XOM: harmless Tloc miscast
   405 | D:2      | Gained mutation: You have large cloven feet. [demonic ancestry]
   405 | D:2      | Reached XP level 3. HP: 15/29 MP: 3/3
   474 | D:2      | XOM: give mutation
   474 | D:2      | Gained mutation: You have supernaturally acute eyesight. (SInv) [Xom's grace]
   578 | D:2      | Found a hazy altar of Hepliaklqana.
   624 | D:2      | XOM: swap monsters
   663 | D:2      | Found a bloodstained altar of Trog.
   736 | D:2      | Reached skill level 1 in Dodging
  1233 | D:1      | Reached skill level 1 in Stealth
  1376 | D:1      | XOM: give mutations
  1376 | D:1      | Gained mutation: You possess an exceptional clarity of mind. [Xom's mischief]
  1376 | D:1      | Gained mutation: You are frail. (-10% HP) [Xom's mischief]
  1470 | D:1      | XOM: harmless Chrm miscast
  1508 | D:1      | XOM: mild Summ miscast
  1539 | D:1      | XOM: harmless Pois miscast
  1770 | D:2      | Found a stormy altar of Qazlal.
  1770 | D:2      | XOM: 6-stop teleportation journey
  1771 | D:2      | Noticed an air elemental
  1771 | D:2      | Noticed an earth elemental
  1771 | D:2      | Noticed a fire elemental
  1771 | D:2      | Noticed a water elemental
  1892 | D:2      | XOM: mild Ice miscast
  1935 | D:2      | Noticed Sigmund
  1941 | D:2      | XOM: butterfly on damage
  1943 | D:2      | XOM: fog
  1944 | D:2      | Slain by Sigmund

Skill      XL: |  1  2  3 |
---------------+----------+-----
Long Blades    | 3 |  3.4
Armour         | 2 |  2.1
Dodging        | 1 |  1.0
Stealth        | 1 |  1.0
Fighting       | |  3.7

Action                   || total
-------------------------++-------
Melee: Falchion          ||   119
       Kick              ||    18
  Use: Scroll            ||     1
       Potion            ||     1
 Stab: Sleeping          ||    11
       Confused          ||     1
  Eat: Chunk             ||     3
Armor: Leather armour    ||    36
Dodge: Dodged            ||    85
       Rpst.: Falchion   ||    24
